 Dungeon Crawl Stone Soup version 0.31-a0-844-gdc52ec4e09 (webtiles) character file.

Game seed: 14172419112811412940

273 Dirtsage the Chopper (level 6, 69/72 HPs)
             Began as a Demonspawn Berserker on Sept 28, 2023.
             Was a Believer of Trog.
             Quit the game on level 4 of the Dungeon.
             The game lasted 00:04:27 (2021 turns).

Dirtsage the Chopper (Demonspawn Berserker)         Turns: 2021, Time: 00:04:27

Health: 69/72      AC: 13    Str: 19    XL:     6   Next: 2%
Magic:  6/6        EV:  8    Int:  9    God:    Trog [**....]
Gold:   182        SH:  0    Dex: 12    Spells: 5/5 levels left

rFire   . . .        a - +0 hand axe
rCold   . . .        (no shield)
rNeg    . . .        d - +0 chain mail
rPois   .            (no helmet)
rElec   .            (no cloak)
rCorr   .            k - +2 pair of gloves
SInv    .            o - +0 pair of boots
Will    .....        (no amulet) Stlth
                     (no ring)
HPRegen 0.32/turn    (no ring)
MPRegen 0.10/turn

%: no passive effects
@: berserking (expiring), very quick
A: rugged brown scales 1, foul stench 1, spiny 2
a: Renounce Religion, Berserk, Trog's Hand


You were on level 4 of the Dungeon.
You worshipped Trog.
Trog was pleased with you.
You visited 1 branch of the dungeon, and saw 4 of its levels.

You collected 182 gold pieces.

Inventory:

Hand Weapons
 a - a +0 hand axe (weapon)
Armour
 d - a +0 chain mail (worn)
 k - a +2 pair of gloves (worn)
 o - a +0 pair of boots (worn)
Jewellery
 j - a ring of ice
Wands
 b - a wand of roots (6)
Scrolls
 c - 4 scrolls of identify {unknown}
 e - 2 scrolls of immolation {unknown}
 f - 2 scrolls of teleportation {unknown}
 g - a scroll of noise {unknown}
Potions
 h - a potion of heal wounds {unknown}
 l - a potion of might {unknown}
 n - a potion of curing {unknown}


   Skills:
 - Level 3.0 Fighting
 + Level 6.2 Axes
 - Level 1.7 Armour
 - Level 1.7 Dodging


You had 5 spell levels left.
You didn't know any spells.
Your spell library contained the following spells:

 Spells                   Type           Power      Damage    Failure   Level
 Static Discharge         Conj/Air       0%         2-2/arc   99%         2
 Airstrike                Air            0%         2d(0-16)  100%        4
 Summon Lightning Spire   Summ/Air       0%         N/A       100%        4


Dungeon Overview and Level Annotations

Branches:
Dungeon (4/15)
 Temple: D:4-7

Altars:


Innate Abilities, Weirdness & Mutations

You are partially covered in rugged brown scales. (AC +1, +3% HP)
You may rarely emit foul miasma when damaged in melee.
You are mostly covered in sharp spines.


Message History

The orc hits you but does no damage. The orc closely misses you.
You now have 63/63 hp.
You slash the orc!
You kill the orc!
Trog accepts your kill.
You completely miss the orc. You slash the water moccasin!
The water moccasin is moderately wounded.
You hit the orc but do no damage.
The water moccasin is struck by your spines.
The water moccasin bites you. The orc hits you with a +0 short sword.
You take 3 damage, and have 60/63 hp.
You slash the water moccasin!
The water moccasin is severely wounded.
You closely miss the orc.
The water moccasin bites you but does no damage.
The orc barely misses you.
You slash the water moccasin!
You kill the water moccasin!
Trog accepts your kill.
You hit the orc but do no damage.
Your Axes skill increases to level 6!
You have reached level 6!
Your demonic ancestry asserts itself...
You begin to emit a foul stench of rot and decay.
You regained 9 hp, and now have 69/72 hp.
MP restored: 6 The orc wizard is struck by your spines.
The orc wizard hits you but does no damage.
The orc hits you but does no damage.
Things that are here:
a +0 hand axe; a +0 ring mail; a water moccasin corpse You barely miss the orc wizard.
The orc wizard is heavily wounded.
You barely miss the orc.
The orc wizard is struck by your spines.
The orc wizard hits you but does no damage.
The orc hits you with a +0 short sword.
You emit a cloud of foul miasma!
You take 1 damage, and have 69/72 hp.
Are you sure you want to abandon this character and quit the game? (Confirm with "yes".)

.. .# # #.# . .#
#.#.# .#.# .#.##...
...##.. #..##.# #
#..##?#
##o#..##.####...
#.oo@...<.$....#
......#go#######.##
..###......
#......###
.....##.# .#.#. #.#
..... ..# .#.# ###


You could see an orc priest, an orc wizard, 2 orcs and a hobgoblin.

Vanquished Creatures
  A water moccasin (D:4)
  2 orc priests (D:3)
  4 adders
  4 dart slugs
  5 orcs
  4 ball pythons
  4 endoplasms
  5 giant cockroaches
  5 goblins
  5 hobgoblins
  3 jackals (D:3)
  A quokka (D:1)
  2 bats (D:2)
  4 frilled lizards
  7 kobolds
  7 rats
63 creatures vanquished.

Notes
Turn   | Place    | Note
-------+----------+-------------------------------------------
     0 | D:1      | Dirtsage the Demonspawn Berserker began the quest for the
                  | Orb.
     0 | D:1      | Reached XP level 1. HP: 18/18 MP: 1/1
    40 | D:1      | Reached skill level 3 in Axes
   148 | D:1      | Gained mutation: You are partially covered in sharp spines.
                  | [demonic ancestry]
   148 | D:1      | Reached XP level 2. HP: 22/24 MP: 2/2
   635 | D:2      | Identified the +8 dagger "Jikk" {flame, rElec rN+++ MP+9
                  | Dex-3}
   690 | D:2      | Reached skill level 4 in Axes
   690 | D:2      | Gained mutation: You are mostly covered in sharp spines.
                  | [demonic ancestry]
   690 | D:2      | Reached XP level 3. HP: 29/29 MP: 3/3
   856 | D:2      | Reached ** piety under Trog
  1303 | D:3      | Gained mutation: You are partially covered in rugged brown
                  | scales. (AC +1, +3% HP) [demonic ancestry]
  1303 | D:3      | Reached XP level 4. HP: 29/36 MP: 4/4
  1667 | D:3      | Reached skill level 5 in Axes
  1671 | D:3      | Reached XP level 5. HP: 21/42 MP: 5/5
  2010 | D:4      | Noticed a water moccasin
  2018 | D:4      | Killed a water moccasin
  2019 | D:4      | Reached skill level 6 in Axes
  2019 | D:4      | Gained mutation: You may rarely emit foul miasma when
                  | damaged in melee. [demonic ancestry]
  2019 | D:4      | Reached XP level 6. HP: 48/48 MP: 6/6
  2021 | D:4      | Quit the game

Illustrated notes

Levels and vault maps discovered:
D:1:      erik_arrival_orb_chamber, layout_basic
D:2:      layout_loops_ring, minmay_misc_feat_roman
D:3:      layout_rooms
D:4:      layout_loops_ring, ashenzari_altar_1, overflow_temple_1_default

Skill      XL: |  1  2  3  4  5 |
---------------+----------------+-----
Axes           | 3 4 5 6 |  6.2
Fighting       | |  3.0
Armour         | |  1.7
Dodging        | |  1.7

Action                     |  1- 3 |  4- 6 || total
---------------------------+-------+-------++-------
  Melee: Hand axe          |    79 |    50 ||   129
         Punch             |     1 |       ||     1
 Invoke: Berserk           |     1 |     1 ||     2
 Armour: Animal skin       |    11 |       ||    11
         Chain mail        |    37 |    38 ||    75
  Dodge: Dodged            |    27 |    15 ||    42

Table legend: (Time is in decaauts)
 A = Elapsed time spent in this place.
 B = Non-inter-level travel time spent in this place.
 C = Inter-level travel time spent in this place.
 D = Time resting spent in this place.
 E = Time spent auto-exploring this place.
 F = Levels seen in this place.
 G = Mean time per level.
                   A        B        C        D        E       F      G
               +--------+--------+--------+--------+--------+-----+--------+
         Total |   2043 |   1950 |     93 |     20 |   1590 |   4 |  510.8 |
       Dungeon |   2043 |   1950 |     93 |     20 |   1590 |   4 |  510.8 |
               +--------+--------+--------+--------+--------+-----+--------+

Top non-repeatable levels by time:
     D:3: 710 daAuts
     D:2: 672 daAuts
     D:1: 648 daAuts
     D:4: 11 daAuts
